[Event "*** SCC Grand Prix: Titled Tuesday Blitz"]
[Site "Chess.com"]
[Date "2020.09.08"]
[Round "1"]
[White "szefru"]
[Black "SilviusTiberius"]
[Result "0-1"]
[WhiteElo "2067"]
[BlackElo "2497"]
[TimeControl "180+1"]
[EndTime "10:06:16 PDT"]
[Termination "SilviusTiberius won by checkmate"]

1. e4 c5 2. Nf3 Nc6 3. Bb5 g6 4. Nc3 Bg7 5. O-O d6 6. h3 Bd7 7. d3 Nf6 8. Be3 O-O 9. Qd2 a6 10. Bxc6 Bxc6 11. Bh6 b5 12. a3 a5 13. Nh2 b4 14.
Ne2 Qb6 15. Bxg7 Kxg7 16. Ng4 Nxg4 17. hxg4 Bd7 18. g5 Rh8 19. g3 h6 20. Kg2 hxg5 21.
Rh1 f6 22. f4 g4 23. Rxh8 Rxh8 24. Rh1 Rxh1 25. Kxh1 bxa3 26. bxa3 Qb1+ 27. Kg2 Ba4 28. c4 Bd1 29. Nc3 Bf3+ 30. Kf2 Qh1 31. Nd5 Qh2+ 32. Ke3 Qxg3 33. Nxe7 Qg1+ 34. Qf2 Qc1+ 35. Qd2 Qxa3 36. f5 g5 37. Nd5 Qa1 38. Nc7 Qd4# 0-1

[Event "*** SCC Grand Prix: Titled Tuesday Blitz"]
[Site "Chess.com"]
[Date "2020.09.08"]
[Round "1"]
[White "M1711"]
[Black "earling8018"]
[Result "1-0"]
[WhiteElo "2490"]
[BlackElo "2020"]
[TimeControl "180+1"]
[EndTime "10:06:16 PDT"]
[Termination "M1711 won by resignation"]

1. e4 e5 2. Nc3 Nf6 3. f4 d5 4.
fxe5 Nxe4 5. Qf3 f5 6. Nge2 Be7 7. d3 Nxc3 8. bxc3 O-O 9. g3 Be6 10. Nf4 Qd7 11. Bg2 c6 12. Rb1 b5 13. O-O Na6 14. Be3 Nc7 15. c4 Rab8 16. Bxa7 Ra8 17. Bb6 Rfc8 18.
Bxc7 Rxc7 19. cxb5 Rd8 20. Nxe6 Qxe6 21. Qxf5 Qxf5 22.
Rxf5 cxb5 23. Rxb5 Rxc2 24. Bxd5+ Kh8 25. Bc4 g6 26. Rf7 Bg5 27. Rbb7 1-0

[Event "*** SCC Grand Prix: Titled Tuesday Blitz"]
[Site "Chess.com"]
[Date "2020.09.08"]
[Round "1"]
[White "Agnes66678"]
[Black "DarZay"]
[Result "1-0"]
[WhiteElo "2503"]
[BlackElo "2083"]
[TimeControl "180+1"]
[EndTime "10:06:17 PDT"]
[Termination "Agnes66678 won by resignation"]

1. Nf3 d5 2. g3 c5 3. Bg2 e6 4.
O-O Nf6 5. c4 d4 6. e3 Nc6 7.
exd4 Nxd4 8. Nc3 Be7 9. Nxd4 Qxd4 10. Qb3 Qd7 11. d3 O-O 12. Be3 Qxd3 13. Rad1 Qf5 14. Qb5 a6 15. Qb6 Bd7 16. b3 Rab8 17. Rd2 Rfc8 18. Rfd1 Bc6 19. Bxc6 Rxc6 20. Qa7 Rcc8 21. Na4 Qf3 22. Nxc5 Qf5 23. Nd7 Qh3 24. Nxf6+ Bxf6 25. Bf4 Ra8 26. Qxb7 h6 27. Qg2 Qf5 28. Bd6 Rd8 29. c5 a5 30. c6 Bc3 31. Rd3 Bb4 32.
g4 Qg6 33. c7 Rdc8 34. Bxb4 axb4 35. Rd8+ Kh7 36. h4 Rxd8 37. cxd8=Q Rxd8 38. Rxd8 Qb1+ 39. Qf1 Qe4 40. Qd3 Qxd3 41. Rxd3 1-0

[Event "*** SCC Grand Prix: Titled Tuesday Blitz"]
[Site "Chess.com"]
[Date "2020.09.08"]
[Round "1"]
[White "Thee-Chessboy"]
[Black "denispopov"]
[Result "1-0"]
[WhiteElo "2479"]
[BlackElo "1935"]
[TimeControl "180+1"]
[EndTime "10:06:18 PDT"]
[Termination "Thee-Chessboy won by resignation"]

1. d4 Nf6 2. c4 g6 3. Nf3 Bg7 4. g3 O-O 5. Bg2 c6 6. O-O d5 7. cxd5 cxd5 8. Ne5 Nbd7 9. Nc3 Qa5 10. Bd2 e6 11. Nxd5 Qd8 12. Nxf6+ Bxf6 13. Nf3 Nb6 14. e3 Bd7 15. Qe2 Qe8 16. Rfc1 Bb5 17. Qe1 Nc4 18.
Bb4 Be7 19. b3 Nb6 20. Ne5 Rc8 21. Rxc8 Nxc8 22. Bxb7 Nd6 23. Bg2 Nf5 24. Rc1 Qd8 25.
a4 Ba6 26. Nc6 Qd7 27. Nxe7+ Nxe7 28. Bxe7 Qxe7 29. Qa5 Qd6 30. Rc5 Bc8 31. Qc7 1-0

[Event "*** SCC Grand Prix: Titled Tuesday Blitz"]
[Site "Chess.com"]
[Date "2020.09.08"]
[Round "1"]
[White "angryhorse9"]
[Black "tmr88"]
[Result "1-0"]
[WhiteElo "2506"]
[BlackElo "2086"]
[TimeControl "180+1"]
[EndTime "10:06:19 PDT"]
[Termination "angryhorse9 won on time"]

1. e4 e5 2. Bc4 Nc6 3. Nc3 Nf6 4. d3 Bc5 5. f4 d6 6. Nf3 Bg4 7. Na4 Bb6 8. c3 O-O 9. h3 Bxf3 10. Qxf3 Na5 11.
Bb5 a6 12. Nxb6 cxb6 13. Ba4 b5 14. Bc2 Nc6 15. O-O Qe7 16. fxe5 dxe5 17. Bg5 Qc5+ 18. Be3 Qe7 19. Qf2 Nd7 20. Bb3 Na5 21. Bd5 Rab8 22. b4 Nc6 23. a4 Nf6 24. Bc5 Qd7 25. Bxf8 Rxf8 26. axb5 axb5 27. Qc5 Nxd5 28. Qxd5 Qe7 29. Qc5 Qe6 30. Qxb5 h6 31. Qd5 Qe7 32. b5 Rd8 33. Qc4 Nb8 34. Ra2 Nd7 35. d4 exd4 36. cxd4 Nf6 37. e5 Nd5 38. Raf2 Rf8 39. Qxd5 1-0

[Event "*** SCC Grand Prix: Titled Tuesday Blitz"]
[Site "Chess.com"]
[Date "2020.09.08"]
[Round "1"]
[White "GigaQuparadze"]
[Black "ketster"]
[Result "1-0"]
[WhiteElo "2909"]
[BlackElo "2449"]
[TimeControl "180+1"]
[EndTime "10:06:20 PDT"]
[Termination "GigaQuparadze won on time"]

1. e4 e5 2. Nf3 Nc6 3. Bc4 Nf6 4.
d3 Be7 5. O-O O-O 6. Nc3 d6 7. h3 Na5 8. a4 Be6 9. b3 Nxc4 10.
dxc4 c6 11. Ba3 Qc7 12. Qe2 h6 13. Rfd1 Rad8 14. Rd2 Nh5 15. Rad1 Nf4 16. Qe3 Rd7 17. Nxe5 dxe5 18. Rxd7 Bxd7 19. Bxe7 Re8 20. Bd6 Qc8 21. Ne2 Ng6 22. Qxa7 h5 23. Qe3 h4 24. Bc5 Be6 25. Bb6 Rf8 26. Qg5 Bxh3 27. gxh3 Qxh3 28. Rd3 Qe6 29. Bc5 Re8 30. Rd6 Qc8 31. Bb6 Qh3 32. Qg2 Qc8 33. f3 h3 34. Qg4 Qa8 35. Qxh3 Qb8 36.
c5 Qa8 37. Qd7 Rf8 38. c4 Qa6 39. Kf2 Qa8 40. Qd8 1-0

[Event "*** SCC Grand Prix: Titled Tuesday Blitz"]
[Site "Chess.com"]
[Date "2020.09.08"]
[Round "1"]
[White "Iball95"]
[Black "Mikheev1976"]
[Result "1-0"]
[WhiteElo "2718"]
[BlackElo "2372"]
[TimeControl "180+1"]
[EndTime "10:06:20 PDT"]
[Termination "Iball95 won by resignation"]

1. d4 Nf6 2. Nf3 g6 3. g3 Bg7 4. Bg2 O-O 5. O-O d5 6. c3 a5 7. Bf4 Nbd7 8. Re1 Ne4 9. Nbd2 Ndf6 10. Ne5 Bf5 11. f3 Nxd2 12. Qxd2 Nd7 13. Nd3 Nb6 14. b3 Nd7 15. e4 Be6 16. Bh6 c6 17. Bxg7 Kxg7 18. Nf4 Qb6 19. exd5 cxd5 20. Re3 a4 21. b4 Bf5 22. Nxd5 Qc6 23. Nxe7 Qf6 24. Nxf5+ Qxf5 25. c4 Nb6 26. Rc1 Rac8 27. Rec3 Rfd8 28. f4 Qd7 29. d5 a3 30. Qd4+ 1-0

[Event "*** SCC Grand Prix: Titled Tuesday Blitz"]
[Site "Chess.com"]
[Date "2020.09.08"]
[Round "1"]
[White "ChessLover0108"]
[Black "Alindsay211"]
[Result "1-0"]
[WhiteElo "2656"]
[BlackElo "2322"]
[TimeControl "180+1"]
[EndTime "10:06:21 PDT"]
[Termination "ChessLover0108 won by resignation"]

1. d4 d5 2. c4 c6 3. Nf3 Nf6 4. e3 a6 5. Nc3 Bg4 6. Qc2 Bxf3 7.
gxf3 e6 8. Bd2 Bd6 9. f4 b5 10. b3 Nbd7 11. Bd3 g6 12. a4 bxc4 13. bxc4 Bb4 14.
O-O Bxc3 15. Bxc3 O-O 16. c5 Nh5 17. f3 Qh4 18. a5 Ng7 19. Rab1 Nf5 20. Qf2 Qd8 21.
Qe2 Qc8 22. Rb2 f6 23. Rfb1 e5 24. Bxf5 gxf5 25. dxe5 fxe5 26. Kh1 Rf6 27. fxe5 Rg6 28. e6 Nxc5 29. e7 Qe6 30. Rb8+ 1-0

[Event "*** SCC Grand Prix: Titled Tuesday Blitz"]
[Site "Chess.com"]
[Date "2020.09.08"]
[Round "1"]
[White "Grandelicious"]
[Black "AccioChess"]
[Result "1-0"]
[WhiteElo "2796"]
[BlackElo "2402"]
[TimeControl "180+1"]
[EndTime "10:06:24 PDT"]
[Termination "Grandelicious won on time"]

1. Nf3 Nf6 2. g3 g6 3. Bg2 Bg7 4. b3 O-O 5. Bb2 d5 6. c4 c6 7. O-O Bg4 8. d3 Qc8 9. Re1 Bh3 10. Bh1 h6 11. Nbd2 Nbd7 12. Rc1 Qd8 13. Rc2 Ng4 14.
Bxg7 Kxg7 15. Qa1+ e5 16. cxd5 cxd5 17. Rec1 Qb6 18.
d4 e4 19. Ne1 Nde5 20. e3 Qf6 21. Nxe4 dxe4 22. dxe5 Nxe5 23. Bxe4 Rfe8 24. Bg2 Bxg2 25. Kxg2 Rad8 26. h3 h5 27. Rd1 Nc6 28. Qxf6+ Kxf6 29. Rcd2 Rxd2 30. Rxd2 Ke7 31. Kf3 Rc8 32. Ke2 Nb4 33.
a3 Na6 34. Rc2 Rd8 35. Nf3 b6 36. Nd4 Kd7 37. Nb5 Ra8 38. b4 1-0

[Event "*** SCC Grand Prix: Titled Tuesday Blitz"]
[Site "Chess.com"]
[Date "2020.09.08"]
[Round "1"]
[White "Rodalquilar"]
[Black "snap_man"]
[Result "1-0"]
[WhiteElo "2636"]
[BlackElo "2311"]
[TimeControl "180+1"]
[EndTime "10:06:25 PDT"]
[Termination "Rodalquilar won by resignation"]

1. d4 Nf6 2. Bf4 d5 3. e3 Bf5 4.
c4 e6 5. Nc3 c6 6. Qb3 Qd7 7.
Nf3 dxc4 8. Bxc4 Nd5 9. Bg3 Nb6 10. e4 Bg6 11. Be2 Bd6 12. Ne5 Qe7 13. a4 Bb4 14. a5 N6d7 15. Nxg6 hxg6 16. Ra4 Na6 17. O-O Ndb8 18. Na2 Bd6 19. e5 Bc7 20. Qxb7 c5 21.
Bb5+ 1-0

[Event "*** SCC Grand Prix: Titled Tuesday Blitz"]
[Site "Chess.com"]
[Date "2020.09.08"]
[Round "1"]
[White "Beca95"]
[Black "ExtremeLearner"]
[Result "1-0"]
[WhiteElo "2922"]
[BlackElo "2454"]
[TimeControl "180+1"]
[EndTime "10:06:26 PDT"]
[Termination "Beca95 won by resignation"]

1. d4 Nf6 2. c4 c5 3. d5 b5 4. Qc2 b4 5. e4 d6 6. Bd3 a5 7. a3 Bb7 8. f4 Nbd7 9. Nf3 g6 10.
b3 Bg7 11. Bb2 O-O 12. O-O e6 13. Nbd2 exd5 14. cxd5 Re8 15. Rae1 Nb6 16. Bb5 Rf8 17. a4 Rc8 18. Nc4 h5 19. Nxa5 Ba8 20. Nc6 Qc7 21.
Bxf6 Bxf6 22. a5 c4 23. bxc4 Nd7 24. Kh1 Bc3 25. Re3 Nc5 26. e5 Bxc6 27. Bxc6 dxe5 28. fxe5 Qxa5 29. e6 Nxe6 30. Rxe6 fxe6 31. Qxg6+ Bg7 32. Bd7 Rf6 33. Bxe6+ Kf8 34. Nd2 Rxf1+ 35. Nxf1 Rc7 36. Qf5+ Ke8 37. Qxh5+ Ke7 38. d6+ Kxe6 39. Qxa5 Rxc4 40. Qb5 Rc1 41. d7 Bf6 42. g3 Rd1 43. Qe2+ 1-0

[Event "*** SCC Grand Prix: Titled Tuesday Blitz"]
[Site "Chess.com"]
[Date "2020.09.08"]
[Round "1"]
[White "pavelalexandru07"]
[Black "iLuusions"]
[Result "0-1"]
[WhiteElo "2255"]
[BlackElo "2581"]
[TimeControl "180+1"]
[EndTime "10:06:26 PDT"]
[Termination "iLuusions won by checkmate"]

1. e4 c5 2. Nf3 d6 3. d4 cxd4 4. Nxd4 Nf6 5. Nc3 a6 6. Bg5 Nbd7 7. f4 Qc7 8. Qe2 e6 9. O-O-O b5 10. a3 Bb7 11. g4 Be7 12. Bg2 Rc8 13. Kb1 h6 14. Bh4 Nb6 15. Rhe1 Nc4 16. Na2 O-O 17. Bg3 Nd7 18. h4 Ndb6 19. g5 Na4 20. gxh6 Ncxb2 21.
hxg7 Rfd8 22. Qh5 Kxg7 23. f5 Nxd1 24. Rxd1 Qc5 25. Qg4+ Kf8 26. Bf4 Bf6 27. fxe6 Bxd4 28. exf7 Qxc2# 0-1

[Event "*** SCC Grand Prix: Titled Tuesday Blitz"]
[Site "Chess.com"]
[Date "2020.09.08"]
[Round "1"]
[White "RobertoJBM"]
[Black "RobPeresian"]
[Result "1-0"]
[WhiteElo "2674"]
[BlackElo "2341"]
[TimeControl "180+1"]
[EndTime "10:06:27 PDT"]
[Termination "RobertoJBM won by resignation"]

1. d4 Nf6 2. c4 e6 3. Nc3 Bb4 4. Qc2 c5 5. dxc5 Bxc5 6. Nf3 a6 7. Bg5 Be7 8. e3 d6 9. Be2 Nbd7 10. O-O Qc7 11.
Rfd1 b6 12. Rac1 Bb7 13. Nd4 O-O 14. Qd2 Rac8 15. b3 Qb8 16. Bf3 Bxf3 17. Nxf3 Rfd8 18.
Qe2 h6 19. Bh4 Qb7 20. Rc2 b5 21. cxb5 axb5 22. Rdc1 b4 23. Na4 d5 24. Nd4 Nb8 25. Qb5 Qxb5 26. Nxb5 Rxc2 27. Rxc2 Kf8 28. Kf1 Ne4 29.
Bg3 Nxg3+ 30. hxg3 Ke8 31. Ke2 e5 32. Nb6 d4 33. exd4 exd4 34. Kd3 Na6 35. Nc7+ Nxc7 36.
Rxc7 Rb8 37. Nd5 Bf8 38. Kxd4 Ra8 39. Rc2 Ra5 40. Rc8+ Kd7 41. Rxf8 1-0

[Event "*** SCC Grand Prix: Titled Tuesday Blitz"]
[Site "Chess.com"]
[Date "2020.09.08"]
[Round "1"]
[White "Nikithebest"]
[Black "rasmussvane"]
[Result "0-1"]
[WhiteElo "2438"]
[BlackElo "2889"]
[TimeControl "180+1"]
[EndTime "10:06:28 PDT"]
[Termination "rasmussvane won by resignation"]

1. e4 c6 2. d4 d5 3. f3 e6 4. Nc3 Bb4 5. Qd3 Ne7 6. Bd2 b6 7.
Nge2 Ba6 8. Qe3 O-O 9. O-O-O c5 10. exd5 exd5 11. a3 Bxc3 12. Nxc3 Bxf1 13. Rhxf1 Nbc6 14. Ne2 Nf5 15. Qf4 Nfxd4 16. Nxd4 Nxd4 17. Rfe1 Re8 18. Kb1 Qd7 19. g4 Qa4 20. Rc1 Rxe1 21. Bxe1 Re8 22. Bc3 h6 23. Bxd4 cxd4 24. Qd6 Qc4 25. Qd7 Re2 26. Qxa7 d3 27. Qb8+ Kh7 28. Qxb6 d2 29. Rd1 Re1 0-1

[Event "*** SCC Grand Prix: Titled Tuesday Blitz"]
[Site "Chess.com"]
[Date "2020.09.08"]
[Round "1"]
[White "mr65"]
[Black "Bayernbk"]
[Result "0-1"]
[WhiteElo "2149"]
[BlackElo "2522"]
[TimeControl "180+1"]
[EndTime "10:06:30 PDT"]
[Termination "Bayernbk won by resignation"]

1. e4 e6 2. d4 d5 3. Nc3 Nf6 4. e5 Nfd7 5. f4 c5 6. Nf3 Nc6 7. Be3 a6 8. Qd2 b5 9. a3 Qb6 10. Be2 cxd4 11. Bxd4 Nxd4 12. Nxd4 Bc5 13. Nb3 Bf2+ 14.
Kf1 Be3 15. Qe1 Bxf4 16. a4 b4 17. a5 Qe3 18. Nd1 Qxe5 19. g3 Bh6 20. Nf2 Qxb2 21. Rd1 Qc3 22. Qxc3 bxc3 23. Nd3 O-O 24. Bf3 Bb7 25. Kg2 Rab8 26. Ndc5 Ne5 27. Rhe1 Nxf3 28. Kxf3 g6 29. Nd7 d4+ 30. Ke2 e5 31. Nxb8 Rxb8 32. Nc5 Bc8 33. Rb1 Rb2 34. Kd3 Bf5+ 35. Kc4 Bxc2 36.
Nxa6 Rxb1 37. Rxb1 Bxb1 38. Nb4 c2 39. Nxc2 Bxc2 40.
a6 Be4 0-1

[Event "*** SCC Grand Prix: Titled Tuesday Blitz"]
[Site "Chess.com"]
[Date "2020.09.08"]
[Round "1"]
[White "Pikachess999"]
[Black "Sanan_Sjugirov"]
[Result "0-1"]
[WhiteElo "2417"]
[BlackElo "2832"]
[TimeControl "180+1"]
[EndTime "10:06:31 PDT"]
[Termination "Sanan_Sjugirov won by resignation"]

1. e4 c5 2. a3 g6 3. h4 h5 4.
d4 cxd4 5. Nf3 Bg7 6. Nxd4 Nc6 7. Be3 Nf6 8. Nc3 Ng4 9. Nxc6 bxc6 10. Bd4 O-O 11.
f3 Nf6 12. Bc4 d5 13. exd5 cxd5 14. Bxf6 Bxf6 15. Qxd5 Qb6 16. O-O-O Rb8 17. Na4 Qc7 18. Rhe1 Bf5 19. b4 e6 20. Qc5 Qf4+ 21. Kb1 Rfc8 22.
Qxa7 Qxc4 23. Rd2 Bxc2+ 24. Kc1 Bxa4+ 0-1

[Event "*** SCC Grand Prix: Titled Tuesday Blitz"]
[Site "Chess.com"]
[Date "2020.09.08"]
[Round "1"]
[White "annacramling"]
[Black "KonstantinB_1983"]
[Result "0-1"]
[WhiteElo "2123"]
[BlackElo "2513"]
[TimeControl "180+1"]
[EndTime "10:06:35 PDT"]
[Termination "KonstantinB_1983 won by checkmate"]

1. d4 Nf6 2. c4 b6 3. Nc3 Bb7 4. Qc2 d5 5. cxd5 Nxd5 6. e4 Nxc3 7. bxc3 e5 8. Nf3 exd4 9. cxd4 Bb4+ 10. Bd2 Bxd2+ 11.
Qxd2 Bxe4 12. Qe3 Qe7 13. Ne5 Qb4+ 14. Qd2 Qxd2+ 15. Kxd2 O-O 16. f3 Bb7 17. Bc4 Nc6 18.
Bd5 Nxe5 19. Bxb7 Rab8 20. Be4 Rfd8 21. Kc3 Nd7 22. Rhd1 c5 23. d5 Nf6 24. a4 Rd6 25.
Kc4 Nd7 26. f4 g6 27. Rab1 Re8 28. Bf3 Re3 29. Rb3 Rxb3 30. Kxb3 Kf8 31. Kc4 Ke7 32. Kb5 Nb8 33. g4 Rf6 34. Bg2 Rxf4 35. d6+ Kd7 36. g5 Rb4# 0-1

[Event "*** SCC Grand Prix: Titled Tuesday Blitz"]
[Site "Chess.com"]
[Date "2020.09.08"]
[Round "1"]
[White "Gabrielian_Artur"]
[Black "kobemagic"]
[Result "1-0"]
[WhiteElo "2687"]
[BlackElo "2354"]
[TimeControl "180+1"]
[EndTime "10:06:36 PDT"]
[Termination "Gabrielian_Artur won by resignation"]

1. e4 c5 2. Nc3 Nc6 3. Bb5 Nd4 4. Bc4 e6 5. Nf3 g6 6. Nxd4 cxd4 7. Nb5 d6 8. Nxd4 Bg7 9. Nf3 Ne7 10. O-O O-O 11. d4 d5 12. exd5 exd5 13. Bd3 Bg4 14. c3 Nc6 15. h3 Be6 16. Re1 Re8 17. Bf4 Qd7 18. Qd2 Bf5 19. Re3 Bxd3 20. Qxd3 Rxe3 21. Bxe3 Re8 22.
Re1 a6 23. Qd2 Qf5 24. b3 b5 25. Nh2 h5 26. Nf3 Bf6 27. Bh6 Rxe1+ 28. Qxe1 Kh7 29. Bd2 Kg7 30. Be3 Qc2 31. Qd2 Qf5 32. Ne1 Qe4 33. Nd3 Qf5 34. Nc5 a5 35. Qd3 Qxd3 36. Nxd3 b4 37. cxb4 axb4 38. Bd2 Bxd4 39. Nxb4 Nxb4 40.
Bxb4 Kf6 41. Kf1 Ke5 42. Ke2 f5 43. f3 Bb6 44. Kd3 Ke6 45. a4 Kd7 46. Bd2 Kc6 47.
b4 Bg1 48. b5+ Kb7 49. a5 Bh2 50. Kd4 Bc7 51. Kxd5 1-0

[Event "*** SCC Grand Prix: Titled Tuesday Blitz"]
[Site "Chess.com"]
[Date "2020.09.08"]
[Round "1"]
[White "kingnb"]
[Black "annamaja"]
[Result "1-0"]
[WhiteElo "2604"]
[BlackElo "2277"]
[TimeControl "180+1"]
[EndTime "10:06:36 PDT"]
[Termination "kingnb won by checkmate"]

1. d4 d5 2. Nf3 Nf6 3. e3 e6 4.
Bd3 Bd6 5. Nbd2 Nbd7 6. O-O O-O 7. Re1 c5 8. c3 b6 9. e4 cxd4 10. e5 dxc3 11. bxc3 Nxe5 12. Nxe5 Qc7 13. Ndf3 Qxc3 14. Bg5 Nd7 15. Rc1 Qa3 16. Rxc8 Rfxc8 17. Nxd7 f6 18. Bxf6 Bb4 19. Bxh7+ Kh8 20. Ng5 gxf6 21. Qh5 Rc1 22. Bg6+ Kg7 23. Qh7# 1-0

[Event "*** SCC Grand Prix: Titled Tuesday Blitz"]
[Site "Chess.com"]
[Date "2020.09.08"]
[Round "1"]
[White "Muracle"]
[Black "ChessFunMaker"]
[Result "1-0"]
[WhiteElo "2578"]
[BlackElo "2250"]
[TimeControl "180+1"]
[EndTime "10:06:36 PDT"]
[Termination "Muracle won by checkmate"]

1. d4 Nf6 2. c4 d6 3. Nc3 e5 4. e4 exd4 5. Qxd4 Nc6 6. Qd1 g6 7. Be3 Bg7 8. Nf3 O-O 9. Bd3 Ng4 10. Bd2 Nge5 11. Nxe5 dxe5 12. Be3 Nd4 13. O-O c6 14. Ne2 Be6 15. Nxd4 exd4 16. Bf4 f5 17. exf5 Bxf5 18.
Bg3 Qf6 19. c5 Bxd3 20. Qxd3 Qf5 21. Qb3+ Rf7 22. Rac1 Re8 23. Rfe1 Rxe1+ 24. Rxe1 Qxc5 25. h3 Qf5 26. Re8+ Bf8 27. Rd8 c5 28. Kh2 Kg7 29.
Rd5 Qe6 30. Qc4 Rf6 31. Be5 Bd6 32. Bxd6 Rf5 33. Rxd4 Qe1 34. Rf4 Rxf4 35. Qxf4 Qe6 36. Qf8# 1-0

[Event "*** SCC Grand Prix: Titled Tuesday Blitz"]
[Site "Chess.com"]
[Date "2020.09.08"]
[Round "1"]
[White "MarkoPe"]
[Black "Artyom_ChessMate"]
[Result "0-1"]
[WhiteElo "2182"]
[BlackElo "2532"]
[TimeControl "180+1"]
[EndTime "10:06:36 PDT"]
[Termination "Artyom_ChessMate won on time"]

1. e4 c5 2. Nf3 d6 3. Bb5+ Bd7 4. Bxd7+ Qxd7 5. O-O Nc6 6. c3 g6 7. d4 cxd4 8. cxd4 Bg7 9. Nc3 Nf6 10. Qe2 O-O 11.
Rd1 e6 12. h3 Rac8 13. Bf4 Rfe8 14.
Bh2 Qe7 15. Nb5 Red8 16. e5 dxe5 17. dxe5 Ne8 18. Nd6 Nxd6 19. exd6 Qf6 20. Rd2 Rd7 21. Rc1 Re8 22. Rxc6 bxc6 23. Ne5 Qd8 24. Nxc6 Qb6 25. Ne7+ Kh8 26. b3 h6 27. Be5 Qc5 28. Bxg7+ Kxg7 29. Qa6 Qc1+ 30. Kh2 Qxd2 0-1

[Event "*** SCC Grand Prix: Titled Tuesday Blitz"]
[Site "Chess.com"]
[Date "2020.09.08"]
[Round "1"]
[White "MrrRefrao"]
[Black "GianmarcoVaR"]
[Result "0-1"]
[WhiteElo "2224"]
[BlackElo "2557"]
[TimeControl "180+1"]
[EndTime "10:06:37 PDT"]
[Termination "GianmarcoVaR won on time"]

1. e4 c6 2. Nf3 d5 3. Nc3 dxe4 4. Nxe4 Nf6 5. Qe2 Nxe4 6. Qxe4 Qa5 7. Bc4 Bf5 8. Qe2 e6 9. c3 Be7 10. d4 Nd7 11. O-O O-O 12. h3 Rad8 13. Bf4 Rfe8 14. Rfe1 h6 15. b4 Qb6 16. a4 a5 17. b5 c5 18. d5 Bd6 19. dxe6 Bxe6 20. Bxe6 Bxf4 21. Bxf7+ Kxf7 22. Qc4+ Kf8 23. Qxf4+ Qf6 24. Qg3 Nb6 0-1

[Event "*** SCC Grand Prix: Titled Tuesday Blitz"]
[Site "Chess.com"]
[Date "2020.09.08"]
[Round "1"]
[White "chessdjw"]
[Black "Mbneu"]
[Result "1-0"]
[WhiteElo "2576"]
[BlackElo "2250"]
[TimeControl "180+1"]
[EndTime "10:06:38 PDT"]
[Termination "chessdjw won on time"]

1. e4 c5 2. Nf3 Nf6 3. e5 Nd5 4.
Nc3 Nxc3 5. dxc3 Nc6 6. h4 e6 7.
Bf4 Qc7 8. h5 h6 9. Qd2 a6 10.
O-O-O b5 11. Rh4 Bb7 12. Rg4 c4 13. Qe3 Ne7 14. Nd4 b4 15. cxb4 Nd5 16. Qg3 c3 17. a3 cxb2+ 18. Kxb2 Nb6 19. Rxg7 Rc8 20. Rd3 Bd5 21.
Rxf7 Qc4 22. Qg6 Qa2+ 23. Kc1 Qa1+ 24. Kd2 Nc4+ 25. Ke2 Nxe5 26. Bxe5 1-0

[Event "*** SCC Grand Prix: Titled Tuesday Blitz"]
[Site "Chess.com"]
[Date "2020.09.08"]
[Round "1"]
[White "sodastream007"]
[Black "artichaud"]
[Result "1/2-1/2"]
[WhiteElo "2546"]
[BlackElo "2225"]
[TimeControl "180+1"]
[EndTime "10:06:38 PDT"]
[Termination "Game drawn by repetition"]

1. d4 d6 2. e4 Nf6 3. Nc3 b6 4. Nf3 Bb7 5. Bd3 e6 6. O-O Be7 7. Qe2 O-O 8. Rd1 Nbd7 9. e5 Nd5 10. Nxd5 Bxd5 11. Bf4 dxe5 12. dxe5 Qc8 13. Ba6 Qe8 14. Bb5 c6 15. Bd3 Nc5 16. c4 Nxd3 17. Rxd3 Bxc4 18.
Ng5 Bxd3 19. Qxd3 Bxg5 20. Bxg5 h6 21. Bf6 gxf6 22. exf6 Qb8 23. Qe3 Kh7 24. Qe4+ Kh8 25. Qe3 Kh7 26. Rd1 Rg8 27. Rd7 Qe8 28. Qd2 Rd8 29. Qd3+ Kh8 30. Qd2 Kh7 31. Qd3+ Kh8 32. Qd2 Kh7 1/2-1/2

[Event "*** SCC Grand Prix: Titled Tuesday Blitz"]
[Site "Chess.com"]
[Date "2020.09.08"]
[Round "1"]
[White "Taron_Shagbazyan"]
[Black "Tactictic"]
[Result "1-0"]
[WhiteElo "2680"]
[BlackElo "2345"]
[TimeControl "180+1"]
[EndTime "10:06:41 PDT"]
[Termination "Taron_Shagbazyan won by resignation"]

1. d4 Nf6 2. c4 e6 3. Nc3 d5 4. cxd5 exd5 5. Bg5 Nbd7 6. e3 c6 7. Bd3 Be7 8. Nge2 h6 9. Bh4 Nh5 10. Bxe7 Qxe7 11. O-O O-O 12. Qd2 Nb6 13. Rae1 Bd7 14. f3 f5 15. Nf4 Nxf4 16. exf4 Qf6 17. Re5 Rae8 18. Rfe1 Re6 19. b3 g6 20. Nd1 Rfe8 21.
Nf2 Bc8 22. g4 Nd7 23. Rxe6 Rxe6 24. gxf5 gxf5 25. Rxe6 Qxe6 26. Bf1 Nf8 27. Nd3 Qf6 28. Ne5 Ne6 29. Bh3 Kf8 30. Qb4+ Kg7 31. Qd6 Qh4 32.
Bf1 Nxf4 33. Qc7+ Kf6 34. Qd8+ 1-0

[Event "*** SCC Grand Prix: Titled Tuesday Blitz"]
[Site "Chess.com"]
[Date "2020.09.08"]
[Round "1"]
[White "IroniaSudby"]
[Black "HrvojeZagreb"]
[Result "0-1"]
[WhiteElo "2506"]
[BlackElo "2161"]
[TimeControl "180+1"]
[EndTime "10:06:41 PDT"]
[Termination "HrvojeZagreb won by resignation"]

1. d4 e6 2. c4 f5 3. Nf3 Nf6 4. g3 Be7 5. Bg2 O-O 6. O-O d6 7. b3 Nc6 8. Bb2 Qe8 9. Nbd2 Ne4 10. a3 Qh5 11. Qc2 Nxd2 12. Nxd2 e5 13. Bf3 Qh6 14. Bd5+ Kh8 15. Bxc6 bxc6 16. dxe5 f4 17. exd6 Bxd6 18. c5 fxg3 19. hxg3 Be7 20. Nf3 Bf5 21. Qc4 Be6 22.
Qc1 Qxc1 23. Raxc1 Bxb3 24. Nd4 Bd5 25. f3 Bg5 26.
Rc3 Rab8 27. Bc1 Bf6 28. Be3 Rfe8 29. Rd1 Rb2 30. Kf2 h6 31. g4 Bh4+ 32. Kg2 Bf6 33. Kf2 Bh4+ 34. Kg2 Bf6 35. Rcd3 Bc4 36. R3d2 Rxd2 37.
Rxd2 Rxe3 38. Nf5 Rxe2+ 39. Rxe2 Bxe2 40. Kg3 Bd1 41. f4 Bb2 42. Ne7 Ba4 43. Nxc6 Bxc6 0-1

[Event "*** SCC Grand Prix: Titled Tuesday Blitz"]
[Site "Chess.com"]
[Date "2020.09.08"]
[Round "1"]
[White "anon481216"]
[Black "chessmadara"]
[Result "1-0"]
[WhiteElo "2475"]
[BlackElo "1843"]
[TimeControl "180+1"]
[EndTime "10:06:41 PDT"]
[Termination "anon481216 won by resignation"]

1. d4 Nf6 2. c4 g6 3. Nc3 d5 4.
cxd5 Nxd5 5. e4 Nxc3 6. bxc3 Bg7 7. Nf3 c5 8. Be3 O-O 9. Qd2 Qa5 10. Rc1 cxd4 11.
cxd4 Qxd2+ 12. Nxd2 Nc6 13. Nb3 Rd8 14. d5 Ne5 15. h3 Nd7 16. Nd4 Nf8 17. Nb5 a6 18. Nc7 Bd7 19. Nxa8 Rxa8 20. Bd3 e6 21. O-O h6 22. Rc7 b5 23. Rfc1 g5 24. Rb7 Be5 25.
g3 exd5 26. exd5 Bxh3 27. Rc6 Rd8 28. Be4 Bc8 29. Ra7 Bb8 30. Re7 Bd6 31. Rxd6 Rxd6 32. Re8 Bd7 33. Rd8 Rf6 34. Bc5 1-0

[Event "*** SCC Grand Prix: Titled Tuesday Blitz"]
[Site "Chess.com"]
[Date "2020.09.08"]
[Round "1"]
[White "kot60"]
[Black "Zavgorodniy_Serg"]
[Result "0-1"]
[WhiteElo "2410"]
[BlackElo "2810"]
[TimeControl "180+1"]
[EndTime "10:06:42 PDT"]
[Termination "Zavgorodniy_Serg won by resignation"]

1. e4 e5 2. Nc3 Nf6 3. f4 d6 4.
Nf3 exf4 5. d4 Be7 6. Bxf4 O-O 7.
Bd3 c6 8. O-O Re8 9. Kh1 Nbd7 10. Qd2 Nf8 11. Rae1 Ng6 12. Bg3 Nd7 13. e5 d5 14. e6 fxe6 15. Bxg6 hxg6 16. Rxe6 Nf6 17. Ree1 Bb4 18. Qg5 Bxc3 19. bxc3 Bf5 20. Qh4 Ne4 21. Qxd8 Raxd8 22. Bh4 Rd6 23. Ng5 Rf8 24. h3 Nxc3 25. Nf3 Rd7 26. Ne5 Rc7 27. a3 Re8 28. g4 Bxc2 29.
Kh2 Be4 30. Re3 Nb5 31. Rd1 c5 32. Bg3 Rce7 33. dxc5 Rxe5 34. Rb3 Bc2 35. Bxe5 Bxb3 0-1